 Dungeon Crawl Stone Soup version 0.30.1 (webtiles) character file.

Game seed: 1391098666506685996

5475 Graphine the Basher (level 10, -2/90 HPs)
             Began as a Hill Orc Fighter on July 6, 2023.
             Was an Elder of Qazlal.
             Killed by divine providence
             ... invoked by an orc priest
              (14 damage)
             ... on level 9 of the Dungeon.
             The game lasted 00:18:27 (9035 turns).

Graphine the Basher (Hill Orc Fighter)              Turns: 9035, Time: 00:18:27

Health: -2/90      AC: 11    Str: 24    XL:     10   Next: 69%
Magic:  11/16      EV: 10    Int:  8    God:    Qazlal [****..]
Gold:   419        SH: 10    Dex: 10    Spells: 9/9 levels left

rFire   . . .        y - +4 flail (heavy)
rCold   + . .        b - +0 buckler of the Lost Path {Rampage +Blink}
rNeg    + . .        p - +3 ring mail {Will+}
rPois   .            (no helmet)
rElec   .            h - +0 cloak
rCorr   .            (no gloves)
SInv    .            (no boots)
Will    +....        (no amulet) Stlth
                     a - ring of protection from cold
HPRegen 0.35/turn    B - ring of positive energy
MPRegen 0.15/turn

%: repel missiles, rampage
@: no status effects
A: no striking features
a: Renounce Religion, Convert to Beogh, Evoke Blink, Upheaval, Elemental Force


You were on level 9 of the Dungeon.
You worshipped Qazlal.
Qazlal was greatly pleased with you.
You visited 2 branches of the dungeon, and saw 10 of its levels.

You collected 419 gold pieces.

Inventory:

Hand Weapons
 g - the +1 dagger of Himnyck {flame, Will+ rCorr SInv}
   (You found it on level 2 of the Dungeon)

   SInv:      It lets you see invisible.
   rCorr:     It protects you from acid and corrosion.
   Will:      It increases your willpower.
 y - a +4 heavy flail (weapon)
 C - a +5 dagger of freezing
 D - a +2 war axe
Missiles
 u - a throwing net (quivered)
Armour
 b - the +0 buckler of the Lost Path (worn) {Rampage +Blink}
   (You acquired it on level 6 of the Dungeon)

   +Blink:    It lets you blink.
   Rampage:   It bestows one free step when moving towards enemies.
 c - a +0 buckler
 h - a +0 cloak (worn)
 p - a +3 ring mail of willpower (worn)
Magical Staves
 l - a staff of death
Jewellery
 a - a ring of protection from cold (left hand)
 x - a +6 ring of dexterity
 B - a ring of positive energy (right hand)
Wands
 j - a wand of iceblast (11)
 k - a wand of flame (13)
 o - a wand of paralysis (4)
 F - a wand of quicksilver (1)
Scrolls
 e - a scroll of identify
 s - 2 scrolls of magic mapping
 A - a scroll of vulnerability
 E - a scroll of teleportation
Potions
 d - a potion of might
 f - 4 potions of curing
 i - 2 potions of flight
 m - a potion of haste
 n - 2 potions of attraction
 q - a potion of mutation
 r - 3 potions of lignification
 t - 3 potions of cancellation
 v - 2 potions of brilliance
 w - a potion of ambrosia {unknown}
 z - a potion of heal wounds {unknown}


   Skills:
 + Level 8.5 Fighting
 - Level 6.3(9.2) Axes
 * Level 8.6(9.3) Maces & Flails
 + Level 7.7 Armour
 + Level 7.6 Shields
 + Level 8.0 Invocations


You had 9 spell levels left.
You didn't know any spells.
Your spell library contained the following spells:

 Spells                   Type           Power      Damage    Failure   Level
 Volatile Blastmotes      Fire/Tloc      0%         2d10      91%         3
 Fulminant Prism          Conj/Hex       0%         3d5       100%        4
 Iskenderun's Mystic Bla  Conj/Tloc      0%         2d3       100%        4
 Summon Lightning Spire   Summ/Air       0%         N/A       100%        4
 Lee's Rapid Deconstruct  Erth           0%         3d4*      100%        5
 Storm Form               Tmut/Air       0%         N/A       100%        7
 Maxwell's Capacitive Co  Air            0%         ∞         100%        8


Dungeon Overview and Level Annotations

Branches:
Dungeon (9/15)             Temple (1/1) D:6            Lair (0/5) D:9
    Orc: D:9-12

Altars:
Ashenzari
Cheibriados
Dithmenos
Elyvilon
Fedhas
Gozag
Hepliaklqana
Kikubaaqudgha
Nemelex Xobeh
Okawaru
Qazlal
Ru
Sif Muna
Trog
Uskayaw
Vehumet
Wu Jian
Xom
Yredelemnul
Zin
The Shining One

Annotations:
D:3 exclusion: statue


Message History

a +0 hand axe; a +0 scale mail The killer bee attacks as you move away!
You block the killer bee's attack.
You feel sick.
You hear a shout!
The killer bee is engulfed in freezing vapours.
You kill the killer bee!
Qazlal accepts your kill.
The orc priest calls down the wrath of Beogh upon you.
Beogh smites you!
* * * LOW HITPOINT WARNING * * *
The killer bee stings you but does no damage.
Things that are here:
a +0 dagger; a +0 leather armour; an orc corpse
Okay, then.
Okay, then.
You feel sick.
You hear a shout!
You hear an angry buzzing noise.
You block the killer bee's attack.
Things that are here:
a +0 trident; a +0 leather armour; an orc corpse Activating: Elemental Force (1% risk of failure)
Press: ? - help, Dir - look around, f - activate Clouds arounds you coalesce and take form!
You feel sick.
You hear a shout!
The killer bee stings your water elemental!
You block the killer bee's attack.
The killer bee stings your water elemental but does no damage.
The kobold barely misses your water elemental.
The killer bee stings you but does no damage.
The killer bee stings your water elemental!
The killer bee attacks as you move away!
The killer bee stings you but does no damage.
You feel sick.
You are no longer poisoned.
The killer bee barely misses your water elemental.
The killer bee stings your water elemental!
The orc priest invokes the aid of Beogh against you.
Beogh smites you!
You die...

..........'.......'..
....##....#)......#
..#..######.......######
.+#.....................
..#..................:..
..#.....................
###............§......
############....☼#+# #
#.)@E.# #.#○○E..#
###.#.yYy.# #...E☼Y.###
#..)KyE.# #o..).K.#
........K.# ..........K.
.....##'##K..


You could see 2 yaks, 2 kobold brigands, 3 killer bees, an orc priest, 2
kobolds, a friendly earth elemental (summoned) and 3 friendly water elementals.

Vanquished Creatures
  Pikel (D:6)
  A rime drake (D:9)
  A hornet (D:8)
  A wraith (D:9)
  A steam dragon (D:6)
  Edmund (D:6)
  A water moccasin (D:9)
  2 black bears
  4 orc warriors
  5 ice beasts
  2 sky beasts
  2 centaurs
  An ogre (D:5)
  A phantom (D:3)
  3 wolves (D:9)
  A lemure (D:6)
  Blork the orc (D:6)
  6 bullfrogs
  3 scorpions
  9 wights
  A killer bee (D:9)
  5 hounds
  6 jellies
  3 orc priests
  4 sleepcaps
  5 iguanas
  9 orc wizards
  9 adders
  A shadow imp (D:3)
  A white imp (D:8)
  2 worms
  A dart slug (D:1)
  37 orcs
  7 bats
  11 endoplasms
  4 giant cockroaches
  7 hobgoblins
  9 jackals
  5 quokkas
  5 ball pythons
  5 frilled lizards
  9 goblins
  4 kobolds
  6 rats
203 creatures vanquished.

Vanquished Creatures (others)
  A scorpion (D:6)
1 creature vanquished.

Grand Total: 204 creatures vanquished

Notes
Turn   | Place    | Note
-------+----------+-------------------------------------------
     0 | D:1      | Graphine the Hill Orc Fighter began the quest for the Orb.
     0 | D:1      | Reached XP level 1. HP: 19/19 MP: 1/1
   144 | D:1      | Reached XP level 2. HP: 27/27 MP: 2/2
   664 | D:1      | Reached XP level 3. HP: 29/33 MP: 3/3
   725 | D:1      | Found a faded altar of an unknown god.
   878 | D:1      | Prayed at the altar of an unknown god.
   878 | D:1      | Became a worshipper of Qazlal Stormbringer
   878 | D:1      | Reached * piety under Qazlal
   905 | D:2      | Identified the +1 dagger of Himnyck {flame, Will+ rCorr
                  | SInv}
  1077 | D:2      | Reached XP level 4. HP: 40/40 MP: 4/4
  1089 | D:2      | Reached skill level 1 in Invocations
  1438 | D:2      | Reached ** piety under Qazlal
  1801 | D:3      | Found an ornate altar of the Wu Jian Council.
  1896 | D:3      | Found a radiant altar of Vehumet.
  1896 | D:3      | Noticed a frost-covered statue
  1955 | D:3      | Reached XP level 5. HP: 45/47 MP: 6/6
  1984 | D:3      | Noticed a phantom
  2014 | D:3      | Killed a phantom
  2015 | D:3      | Reached skill level 5 in Axes
  2015 | D:3      | Reached XP level 6. HP: 39/53 MP: 7/7
  2922 | D:4      | Reached skill level 5 in Fighting
  2925 | D:4      | Reached XP level 7. HP: 32/61 MP: 9/9
  3130 | D:4      | Reached *** piety under Qazlal
  4016 | D:5      | Entered Level 5 of the Dungeon
  4027 | D:5      | Reached skill level 1 in Maces & Flails
  4217 | D:5      | Found a stormy altar of Qazlal.
  4269 | D:5      | Reached skill level 5 in Armour
  4269 | D:5      | Reached skill level 5 in Shields
  4276 | D:5      | Reached XP level 8. HP: 37/69 MP: 9/11
  4790 | D:5      | Found a bloodstained altar of Trog.
  5260 | D:6      | Noticed Edmund
  5263 | D:6      | HP: 3/70 [orc/+0 mace (3)]
  5581 | D:6      | Found a staircase to the Ecumenical Temple.
  5607 | D:6      | Killed Edmund
  5608 | D:6      | Reached skill level 5 in Invocations
  5633 | Temple   | Entered the Ecumenical Temple
  5982 | D:6      | Noticed Blork the orc
  5991 | D:6      | Killed Blork the orc
  6219 | D:6      | Reached XP level 9. HP: 78/78 MP: 13/13
  6235 | D:6      | Reached skill level 5 in Maces & Flails
  6508 | D:6      | Found an opulent altar of Gozag.
  6509 | D:6      | Found a sparkling altar of Nemelex Xobeh.
  6596 | D:6      | Noticed Pikel
  6605 | D:6      | Killed Pikel
  6743 | D:6      | Found a shimmering blue altar of Sif Muna.
  6802 | D:6      | Found a hazy altar of Hepliaklqana.
  6843 | D:6      | Identified a scroll of acquirement
  6843 | D:6      | Acquired the +0 buckler of the Lost Path {Rampage +Blink}
  7046 | D:7      | Reached **** piety under Qazlal
  7405 | D:7      | Identified the +1 leather armour of the Evening {rC+ Will-
                  | Str+2}
  7564 | D:7      | Found an iron altar of Okawaru.
  7794 | D:8      | Noticed a hornet
  7799 | D:8      | Reached XP level 10. HP: 84/88 MP: 15/15
  8864 | D:9      | Found a staircase to the Lair.
  9035 | D:9      | Killed from afar by an orc priest

Illustrated notes

Levels and vault maps discovered:
D:1:      arrival_zaba_pyramid, layout_loops_ring,
          hellmonk_ecumenical_altar_prayer_group, kennysheep_small_spiral,
          chequers_serial_rivers_large_a
D:2:      layout_rooms, nicolae_hexahallways, minivault_5, minmay_pentomino_r4
D:3:      minmay_skewed_foursquare, layout_basic, mainiacjoe_overflow_paths,
          vehumet_statue
D:4:      layout_basic, st_stairs_11
D:5:      layout_basic, trog_hazing_becter, kennysheep_mini,
          kennysheep_generic_room_16
D:6:      layout_rooms, grunt_temple_overflow_opulence, tgw_sif,
          marbit_many_paths, minmay_temple_entry_statues_fountains, uniq_pikel,
          uniq_blork_the_orc, uniq_edmund
D:7:      layout_basic, mainiacjoe_overflow_six_doors_small
D:8:      layout_rooms
D:9:      layout_gridville, hellmonk_lair_entry_icy, david_orc_5,
          hangedman_decor_push
Temple:   minmay_temple_bridge_abc

Skill      XL: |  1  2  3  4  5  6  7  8  9 10 |
---------------+-------------------------------+-----
Axes           | 3 4 5 6 |  6.3
Fighting       | 4 5 6 7 8 |  8.5
Invocations    | 1 2 4 5 6 8 |  8.0
Armour         | 4 5 6 7 |  7.7
Shields        | 4 5 6 7 |  7.6
Maces & Flails | 2 4 7 8 |  8.6

Action                     |  1- 3 |  4- 6 |  7- 9 | 10-12 || total
---------------------------+-------+-------+-------+-------++-------
  Melee: War axe           |    85 |   145 |    21 |       ||   251
         Dagger            |       |     1 |    25 |    12 ||    38
         Flail             |       |       |   196 |    83 ||   279
 Invoke: Elemental Force   |       |       |       |     1 ||     1
  Evoke: Wand              |       |     4 |     9 |     3 ||    16
    Use: Scroll            |       |     9 |    11 |     3 ||    23
         Potion            |       |       |     1 |     1 ||     2
   Stab: Paralysed         |       |     6 |     2 |       ||     8
 Armour: Scale mail        |    39 |    69 |    46 |       ||   154
         Ring mail         |       |       |    56 |    59 ||   115
  Dodge: Dodged            |    34 |    62 |   108 |    70 ||   274
         Repelled          |       |       |       |     1 ||     1
  Block: Buckler           |    20 |    65 |   121 |    81 ||   287
